AoeStats
← Ragnar.Guerrero

Oasis

509801874Analyzed
2v2 RM · 2d ago on Sep 28, 2026· 55m 36s· 4 players
Game mode
Random Map
Map size
Medium (4 player)
Population
200
Speed
Normal
Resources
Standard
Victory
Conquest
Starting age
Dark Age
Ending age
Imperial Age
RankedLock teamsTeams togetherTeam positionsShared explorationLock speedFull tech treeHidden civsTurbo modeCheats
Victory
Defeat
🇦🇷 Cumans · Argentina
1191
+12
🇦🇷 Japanese · Argentina
1078
+16
🇦🇺 Khitans · Australia
1094
-14
🇦🇺 Danes · Australia
1093
-14
Ragnar.Guerrero
6:42 Loom
9:14 Feudal Age
12:44 Double-Bit Axe
12:42 Horse Collar
24:25 Castle Age
23:26 Wheelbarrow
23:56 Bloodlines
26:03 Scale Barding Armor
26:09 Forging
27:10 Heavy Plow
27:22 Bow Saw
28:31 Hand Cart
34:16 Chain Barding Armor
35:17 Iron Casting
36:27 Town Watch
38:32 Capped Ram
42:27 Imperial Age
42:21 Gold Mining
42:43 Siege Ram
44:05 Plate Barding Armor
45:28 Blast Furnace
46:39 Siege Ram
52:10 Two-Man Saw
51:43 Crop Rotation
50:50 Elite Steppe Lancer
51:49 Stone Mining
52:35 Gold Shaft Mining
MESSIAS
11:40 Feudal Age
12:32 Double-Bit Axe
17:03 Castle Age
16:00 Stone Mining
15:56 Horse Collar
17:15 Loom
17:33 Fletching
18:12 Bow Saw
17:58 Gold Mining
20:12 Bodkin Arrow
22:19 Crossbowman
24:10 Town Watch
28:45 Ballistics
38:55 Imperial Age
37:04 Yasama
40:00 Wheelbarrow
39:26 Town Patrol
39:35 Scale Mail Armor
39:39 Bracer
41:26 Chemistry
41:53 Arbalester
44:17 Conscription
45:28 Scale Mail Armor
45:39 Forging
46:12 Elite Samurai
47:20 Thumb Ring
48:53 Chain Mail Armor
49:14 Iron Casting
50:24 Two-Man Saw
51:09 Plate Mail Armor
51:06 Heavy Plow
53:55 Hand Cart
54:59 Caravan
Kanye Haggis
7:52 Loom
10:16 Feudal Age
13:41 Forging
21:12 Castle Age
19:48 Fletching
21:31 Double-Bit Axe
22:32 Light Cavalry
24:56 Scale Barding Armor
27:19 Iron Casting
28:40 Husbandry
29:31 Chain Barding Armor
32:25 Domestication
34:09 Bodkin Arrow
34:58 Wheelbarrow
39:47 Imperial Age
39:28 Padded Archer Armor
39:22 Heavy Cavalry Archer
40:37 Bracer
41:47 Parthian Tactics
42:30 Chemistry
41:26 Heavy Camel Rider
42:25 Pastoralism
44:38 Plate Barding Armor
44:57 Leather Archer Armor
49:11 Ballistics
49:07 Thumb Ring
49:58 Ring Archer Armor
50:11 Murder Holes
52:31 Conscription
52:22 Scale Mail Armor
52:25 Squires
52:13 Arson
52:50 Hussar
hotdogs_united
0:50 Loom
10:42 Feudal Age
16:04 Castle Age
14:45 Double-Bit Axe
14:43 Horse Collar
16:51 Scale Mail Armor
17:45 Arson
18:01 Squires
21:22 Forging
25:17 Iron Casting
25:35 Chain Mail Armor
31:39 Fletching
33:27 Wheelbarrow
34:31 Heavy Plow
37:49 Imperial Age
35:43 Bow Saw
37:16 Town Watch
37:39 Bodkin Arrow
39:37 Capped Ram
42:38 Hoardings
43:06 Conscription
42:27 Onager
46:19 Town Patrol
46:35 Hand Cart
48:03 Ballistics
48:44 Chemistry
47:55 Masonry
47:50 Siege Engineers
48:09 Elite Jomsviking
48:22 Northmen's Fury
48:43 Heavy Scorpion
52:58 Siege Ram
54:12 Siege Onager
Connection lost

Rejoining the realm…

Still unreachable

The connection could not be restored.

Session expired

The server has moved on; the page needs a fresh start.